 Dungeon Crawl Stone Soup version 0.25-a0-697-g890751e744 (webtiles) character file.

Game seed: 16113990182200177145, levelgen mode: deterministic

6696 Esekla the Fighter (level 11, -23/87 HPs)
             Began as a Gnoll Abyssal Knight on Apr 1, 2020.
             Was a High Priest of Lugonu.
             Annihilated by an ettin
             ... wielding a +0 dire flail
              (33 damage)
             ... on level 9 of the Dungeon.
             The game lasted 01:10:30 (8404 turns).

Esekla the Fighter (Gnoll Abyssal Knight)           Turns: 8404, Time: 01:10:30

Health: -23/87     AC: 20    Str: 14    XL:     11   Next: 3%
Magic:  0/19       EV:  7    Int: 16    God:    Lugonu [*****.]
Gold:   64         SH:  0    Dex: 15    Spells: 12/21 levels left

rFire    + . .     SeeInvis .   e - +2 dagger (elec)
rCold    . . .     Gourm    .   (no shield)
rNeg     + + +     Faith    .   R - +4 plate armour "Cienij" {rPois rF- rN+++ Dex-2}
rPois    +         Spirit   +   (no helmet)
rElec    .         Reflect  .   T - +0 cloak
rCorr    .         Harm     .   (no gloves)
MR       .....                  y - +0 pair of boots
Stlth    ..........             m - amulet of guardian spirit
HPRegen  0.24/turn              q - ring of protection from fire
MPRegen  0.16/turn              l - ring of protection from fire

@: about to teleport
A: distributed training, fangs 1, strong nose
a: Depart the Abyss, Bend Space, Banish, Corrupt, Enter the Abyss, Renounce
Religion


You were on level 9 of the Dungeon.
You worshipped Lugonu.
Lugonu was extremely pleased with you.
You were not hungry.

You visited 2 branches of the dungeon, and saw 10 of its levels.
You visited the Abyss 1 time.

You collected 518 gold pieces.
You spent 454 gold pieces at shops.

Inventory:

Hand Weapons
 a - a +3 war axe
 e - a +2 dagger of electrocution (weapon)
 h - a +0 short sword
 v - a +0 dagger of venom
 N - a +1 falchion
Missiles
 x - 63 poisoned darts (quivered)
 P - 2 boomerangs
Armour
 b - a +0 leather armour
 f - a +1 robe of magic resistance
 j - a +0 chain mail
 u - a +0 kite shield
 y - a +0 pair of boots (worn)
 R - the +4 plate armour "Cienij" (worn) {rPois rF- rN+++ Dex-2}
   (You took it off an orc on level 8 of the Dungeon)

   It affects your dexterity (-2).
   It makes you vulnerable to fire.
   It protects you from poison.
   It renders you almost immune to negative energy.
 T - a +0 cloak (worn)
Jewellery
 d - an uncursed ring of flight
 l - a ring of protection from fire (right hand)
 m - an amulet of guardian spirit (around neck)
 q - a ring of protection from fire (left hand)
Wands
 B - a wand of disintegration (12)
 H - a wand of polymorph (9)
 O - a wand of clouds (2)
Scrolls
 g - 3 scrolls of fog
 n - 12 scrolls of identify
 o - a scroll of magic mapping
 p - a scroll of remove curse
 t - a scroll of enchant weapon {unknown}
 A - 4 scrolls of immolation {unknown}
 C - 2 scrolls of enchant armour
 F - 5 scrolls of teleportation
 G - a scroll of amnesia {unknown}
 L - a scroll of fear {unknown}
 M - 2 scrolls of noise {unknown}
 Q - a scroll of blinking {unknown}
 S - a scroll of vulnerability {unknown}
 V - a scroll of holy word {unknown}
Potions
 i - 8 potions of curing
 k - 2 potions of might {unknown}
 r - a potion of brilliance {unknown}
 s - 4 potions of degeneration {unknown}
 w - 2 potions of cancellation {unknown}
 z - 2 potions of magic {unknown}
 D - 2 potions of berserk rage {unknown}
 E - a potion of mutation {unknown}
 I - 2 potions of flight {unknown}
 J - a potion of haste {unknown}
 K - a potion of resistance
Comestibles
 c - 14 rations
 U - 2 chunks of flesh


   Skills:
 + Level 8.8 Fighting
 + Level 5.7 Short Blades
 + Level 7.4 Long Blades
 + Level 5.7 Axes
 + Level 5.7 Maces & Flails
 + Level 5.7 Polearms
 + Level 5.7 Staves
 + Level 5.7 Slings
 + Level 5.7 Bows
 + Level 5.7 Crossbows
 + Level 5.7 Throwing
 + Level 7.4 Armour
 + Level 6.3 Dodging
 + Level 5.7 Stealth
 + Level 5.7 Shields
 + Level 5.7 Unarmed Combat
 + Level 5.7 Spellcasting
 + Level 4.7 Conjurations
 + Level 4.7 Hexes
 + Level 4.7 Charms
 + Level 4.7 Summonings
 + Level 4.7 Necromancy
 + Level 4.7 Translocations
 + Level 4.7 Transmutations
 + Level 4.7 Fire Magic
 + Level 4.7 Ice Magic
 + Level 4.7 Air Magic
 + Level 4.7 Earth Magic
 + Level 4.7 Poison Magic
 + Level 7.9 Invocations
 + Level 5.7 Evocations


You had 12 spell levels left.
You knew the following spells:

 Your Spells              Type           Power        Failure   Level  Hunger
a - Magic Dart            Conj           ###.         77%         1    None
b - Blink                 Tloc           N/A          88%         2    #......
c - Mephitic Cloud        Conj/Pois/Air  ###.....     98%         3    ##.....
f - Conjure Flame         Conj/Fire      ###.....     98%         3    ##.....

Your spell library contained the following spells:

 Spells                   Type           Power        Failure   Level  Hunger
 Summon Butterflies       Summ           ###.....     77%         1    None
 Call Imp                 Summ           ###.....     88%         2    #......
 Slow                     Hex            ###.....     88%         2    #......
 Call Canine Familiar     Summ           ###.....     98%         3    ##.....
 Summon Ice Beast         Ice/Summ       ###.....     100%        4    ####...
 Summon Mana Viper        Hex/Summ       ###.....     100%        5    ######.
 Summon Hydra             Summ           ###.......   100%        7    #######


Dungeon Overview and Level Annotations

Branches:
Dungeon (9/15)             Temple (0/1) D:7             Orc (1/2) D:9
   Lair: D:8-11

Altars:
Cheibriados
Dithmenos
Hepliaklqana
Kikubaaqudgha
Makhleb
Nemelex Xobeh
Okawaru
Qazlal
Ru
Sif Muna
Trog
Uskayaw
Vehumet
Yredelemnul
The Shining One

Shops:
D:4 :!**[   D:6 ?   D:7 ?


Innate Abilities, Weirdness & Mutations

Your experience applies equally to all skills.
You have very sharp teeth.
Your uncanny sense of smell can sniff out nearby items.


Message History

The ettin hits you with a +0 dire flail!
The ettin hits you but does no damage.
You hit the ettin.
The ettin is lightly wounded.
You hit the ettin but do no damage. Lightning courses through the ettin!
The ettin is moderately wounded.
The ettin hits you with a +0 dire flail!!
The ettin hits you with a +0 dire flail!
* * * LOW HITPOINT WARNING * * *
Space bends sharply around you!
You blink.
As you read the scroll of teleportation, it crumbles to dust.
You feel strangely unstable.
A magic dart appears from out of thin air!
The magic dart hits you.
* * * LOW HITPOINT WARNING * * *
Space bends around you!
You blink.
The ettin hits you with a +0 dire flail!
* * * LOW HITPOINT WARNING * * *
The ettin hits you with a +0 dire flail!!
You die...

#...#...........# #.#.#<..#.#.#..
#...#...........###.#.#...#.#.###
'...#..........##.#.#.....#.#...(
#...#.........####..###.#...####.
#...#..<.....##.....###.#.### #.
.........#######.)...##...######.
.......########......#####.....#.
.......#...#8........# #.###.#.
.......#.>)).oO.@....# #.#...#.
.......#.).#8#..C.[..#####.#.###.
..<....######.#.ยง[.........#.....
.........#####......#############
###########..###...........#
#######'#.##.#.........#
#.........###..........#
#...........##..#......#
#..).((..##.###.'......#


You could see an ettin, an ogre and an orc.

Vanquished Creatures
  A two-headed ogre (D:8)
  Pikel (D:7)
  4 hippogriffs
  A wyvern (D:8)
  A hungry ghost (D:7)
  2 water moccasins
  5 orc warriors
  An ice beast (D:6)
  4 phantoms
  A sky beast (D:5)
  3 eyes of draining (D:3)
  4 ogres
  6 centaurs
  3 bullfrogs
  5 scorpions
  A water moccasin zombie (D:8)
  4 wights (D:6)
  2 howler monkeys (D:4)
  6 crimson imps
  A bullfrog zombie (D:9)
  A centaur zombie (D:9)
  A quasit (D:7)
  2 bullfrog skeletons
  4 jellies
  Crazy Yiuf (D:5)
  6 hounds
  4 orc priests
  3 iguanas
  8 orc wizards
  8 worker ants
  A hound skeleton (D:9)
  8 gnolls
  7 adders
  A shadow imp (D:8)
  An adder skeleton (D:4)
  4 worms
  2 dart slugs
  7 leopard geckos
  49 orcs
  5 giant cockroaches
  5 hobgoblins
  14 kobolds
  7 quokkas
  2 ball pythons
  7 bats
  3 frilled lizards
  4 goblins
  A leopard gecko skeleton (D:5)
  A quokka zombie (D:6)
  11 rats
234 creatures vanquished.

Vanquished Creatures (others)
  An orc (D:9)
1 creature vanquished.

Grand Total: 235 creatures vanquished

Notes
Turn   | Place    | Note
-------+----------+-------------------------------------------
     0 | Abyss:1  | Esekla the Gnoll Abyssal Knight began the quest for the
                  | Orb.
     0 | Abyss:1  | Reached XP level 1. HP: 23/23 MP: 3/3
    73 | Abyss:2  | Noticed a large abomination
    92 | D:1      | Escaped the Abyss
   301 | D:2      | Reached XP level 2. HP: 29/29 MP: 5/5
   395 | D:1      | Reached * piety under Lugonu
   747 | D:1      | Reached XP level 3. HP: 31/35 MP: 4/6
  1075 | D:2      | Found an ancient bone altar of Kikubaaqudgha,
  1346 | D:2      | Reached skill level 1 in Short Blades
  1346 | D:2      | Reached skill level 1 in Axes
  1346 | D:2      | Reached skill level 1 in Maces & Flails
  1346 | D:2      | Reached skill level 1 in Polearms
  1346 | D:2      | Reached skill level 1 in Staves
  1346 | D:2      | Reached skill level 1 in Slings
  1346 | D:2      | Reached skill level 1 in Bows
  1346 | D:2      | Reached skill level 1 in Crossbows
  1346 | D:2      | Reached skill level 1 in Throwing
  1346 | D:2      | Reached skill level 1 in Stealth
  1346 | D:2      | Reached skill level 1 in Shields
  1346 | D:2      | Reached skill level 1 in Unarmed Combat
  1346 | D:2      | Reached skill level 1 in Spellcasting
  1346 | D:2      | Reached skill level 1 in Evocations
  1774 | D:2      | Reached XP level 4. HP: 41/41 MP: 7/7
  2137 | D:3      | Reached ** piety under Lugonu
  2250 | D:3      | Found a bloodstained altar of Trog,
  2250 | D:3      | Noticed an eye of draining
  2250 | D:3      | Noticed an eye of draining
  2257 | D:3      | Reached skill level 1 in Conjurations
  2257 | D:3      | Reached skill level 1 in Hexes
  2257 | D:3      | Reached skill level 1 in Charms
  2257 | D:3      | Reached skill level 1 in Summonings
  2257 | D:3      | Reached skill level 1 in Necromancy
  2257 | D:3      | Reached skill level 1 in Translocations
  2257 | D:3      | Reached skill level 1 in Transmutations
  2257 | D:3      | Reached skill level 1 in Fire Magic
  2257 | D:3      | Reached skill level 1 in Ice Magic
  2257 | D:3      | Reached skill level 1 in Air Magic
  2257 | D:3      | Reached skill level 1 in Earth Magic
  2257 | D:3      | Reached skill level 1 in Poison Magic
  2264 | D:3      | Noticed an eye of draining
  2272 | D:3      | Killed an eye of draining
  2272 | D:3      | Reached XP level 5. HP: 44/47 MP: 0/8
  2277 | D:3      | Killed an eye of draining
  2277 | D:3      | Reached skill level 5 in Invocations
  2277 | D:3      | Reached XP level 6. HP: 51/53 MP: 0/9
  2290 | D:3      | Killed an eye of draining
  2290 | D:3      | Reached skill level 5 in Long Blades
  2290 | D:3      | Reached skill level 5 in Armour
  2897 | D:4      | Found Pylov's Distillery,
  2905 | D:4      | Bought a potion of curing for 30 gold pieces
  2905 | D:4      | Bought a potion of lignification for 30 gold pieces
  2911 | D:4      | Reached XP level 7. HP: 59/59 MP: 10/10
  2977 | D:4      | Found an iron altar of Okawaru,
  3009 | D:4      | Found Syato's Assorted Antiques,
  3034 | D:4      | Reached skill level 7 in Fighting
  3087 | D:4      | Found a stormy altar of Qazlal,
  3133 | D:4      | Found Aplea's Armour Boutique,
  3139 | D:4      | Found Agycaug's Assorted Antiques,
  3278 | D:4      | Found Urique's Book Emporium,
  3518 | D:5      | Entered Level 5 of the Dungeon
  3608 | D:6      | Reached XP level 8. HP: 64/67 MP: 10/12
  3623 | D:5      | Reached *** piety under Lugonu
  3807 | D:5      | Found a runed translucent door,
  3808 | D:5      | Noticed Crazy Yiuf
  4700 | D:6      | Reached XP level 9. HP: 72/72 MP: 14/14
  4938 | D:6      | Found Wamoyly's Magic Scroll Emporium,
  4961 | D:6      | Reached **** piety under Lugonu
  5046 | D:6      | Bought a scroll of teleportation for 30 gold pieces
  5046 | D:6      | Bought a scroll of identify for 20 gold pieces
  5046 | D:6      | Bought a scroll of random uselessness for 10 gold pieces
  5104 | D:7      | Noticed a two-headed ogre
  5168 | D:7      | Found a shimmering blue altar of Sif Muna,
  5176 | D:6      | Reached skill level 5 in Dodging
  5306 | D:7      | Found a basalt altar of Yredelemnul,
  5312 | D:7      | Found a sacrificial altar of Ru,
  5354 | D:7      | Found Muuno's Magic Scroll Shoppe,
  5362 | D:7      | Found a snail-covered altar of Cheibriados,
  5565 | D:7      | Found a glowing golden altar of the Shining One,
  5569 | D:7      | Found a shadowy altar of Dithmenos,
  5601 | D:7      | Reached skill level 8 in Fighting
  5705 | D:7      | Found a staircase to the Ecumenical Temple,
  5744 | D:7      | Noticed Pikel
  5752 | D:7      | Reached XP level 10. HP: 73/80 MP: 17/17
  5764 | D:7      | Killed Pikel
  5934 | D:6      | Reached skill level 5 in Short Blades
  5934 | D:6      | Reached skill level 5 in Axes
  5934 | D:6      | Reached skill level 5 in Maces & Flails
  5934 | D:6      | Reached skill level 5 in Polearms
  5934 | D:6      | Reached skill level 5 in Staves
  5934 | D:6      | Reached skill level 5 in Slings
  5934 | D:6      | Reached skill level 5 in Bows
  5934 | D:6      | Reached skill level 5 in Crossbows
  5934 | D:6      | Reached skill level 5 in Throwing
  5934 | D:6      | Reached skill level 5 in Stealth
  5934 | D:6      | Reached skill level 5 in Shields
  5934 | D:6      | Reached skill level 5 in Unarmed Combat
  5934 | D:6      | Reached skill level 5 in Spellcasting
  5934 | D:6      | Reached skill level 5 in Evocations
  6485 | D:8      | Identified the +4 plate armour "Cienij" {rPois rF- rN+++
                  | Dex-2}
  6551 | D:8      | Noticed a two-headed ogre
  6818 | D:4      | Bought a book of Minor Magic for 260 gold pieces
  6820 | D:4      | Learned a level 1 spell: Magic Dart
  6823 | D:4      | Learned a level 2 spell: Blink
  6827 | D:4      | Learned a level 3 spell: Mephitic Cloud
  6831 | D:4      | Learned a level 3 spell: Conjure Flame
  6862 | D:4      | Bought a scroll labeled RICZIO ITA XIMM for 21 gold pieces
  6862 | D:4      | Bought a scroll labeled CISAOG LIRPHU for 21 gold pieces
  6906 | D:4      | Bought a scroll labeled MAQEVI OTYZ for 32 gold pieces
  7014 | D:5      | Killed Crazy Yiuf
  7145 | D:8      | Killed a two-headed ogre
  7296 | D:9      | Reached ***** piety under Lugonu
  7486 | D:9      | Found a staircase to the Orcish Mines,
  7688 | D:9      | Found a hide-covered altar of Uskayaw,
  7991 | D:9      | Found a radiant altar of Vehumet,
  7996 | D:9      | Found a hazy altar of Hepliaklqana,
  8001 | D:9      | Found a sparkling altar of Nemelex Xobeh,
  8006 | D:9      | Found a burning altar of Makhleb,
  8177 | Orc:1    | Entered Level 1 of the Orcish Mines
  8178 | Orc:1    | Noticed an ettin
  8188 | D:9      | Reached XP level 11. HP: 87/87 MP: 19/19
  8404 | D:9      | Annihilated by an ettin

Levels and vault maps discovered:
D:1:      minmay_arrival_floating_metal, layout_rooms
D:2:      layout_basic, lemuel_crystal_altar, kennysheep_generic_room_7
D:3:      layout_basic, trog_eyes_of_draining, minmay_ruptured
D:4:      layout_rooms, overflow_temple_1_default, serial_shops, shop, shop,
          shop, nicolae_shop_behind_doors, nicolae_shop_waterfront,
          first_ration, okawaru_altar_gauntlet_db
D:5:      layout_loops_ring, uniq_crazy_yiuf_cottage
D:6:      layout_rooms, serial_shops, shop_scrolls
D:7:      layout_cave_pools, grunt_temple_overflow_open,
          chequers_temple_overflow_statue_of_worship,
          minmay_temple_entry_crystal_x, basic_altar, serial_shops, shop,
          uniq_pikel
D:8:      layout_rooms
D:9:      layout_basic, grunt_temple_overflow_cloverleaf, kennysheep_little_box,
          hiddenorc1_lemuel
Orc:1:    layout_caves, serial_shops, shop

Skill      XL: |  1  2  3  4  5  6  7  8  9 10 |
---------------+-------------------------------+-----
Short Blades   | 1 2 3 4 5 |  5.7
Axes           | 1 2 3 4 5 |  5.7
Maces & Flails | 1 2 3 4 5 |  5.7
Polearms       | 1 2 3 4 5 |  5.7
Staves         | 1 2 3 4 5 |  5.7
Slings         | 1 2 3 4 5 |  5.7
Bows           | 1 2 3 4 5 |  5.7
Crossbows      | 1 2 3 4 5 |  5.7
Throwing       | 1 2 3 4 5 |  5.7
Stealth        | 1 2 3 4 5 |  5.7
Shields        | 1 2 3 4 5 |  5.7
Unarmed Combat | 1 2 3 4 5 |  5.7
Spellcasting   | 1 2 3 4 5 |  5.7
Evocations     | 1 2 3 4 5 |  5.7
Conjurations   | 1 2 3 4 |  4.7
Hexes          | 1 2 3 4 |  4.7
Charms         | 1 2 3 4 |  4.7
Summonings     | 1 2 3 4 |  4.7
Necromancy     | 1 2 3 4 |  4.7
Translocations | 1 2 3 4 |  4.7
Transmutations | 1 2 3 4 |  4.7
Fire Magic     | 1 2 3 4 |  4.7
Ice Magic      | 1 2 3 4 |  4.7
Air Magic      | 1 2 3 4 |  4.7
Earth Magic    | 1 2 3 4 |  4.7
Poison Magic   | 1 2 3 4 |  4.7
Dodging        | 3 4 5 6 |  6.3
Invocations    | 5 6 7 |  7.9
Long Blades    | 5 6 7 |  7.4
Armour         | 5 6 7 |  7.4
Fighting       | 7 8 |  8.8

Action                   |  1- 3 |  4- 6 |  7- 9 | 10-12 || total
-------------------------+-------+-------+-------+-------++-------
Melee: Falchion          |   116 |    19 |    14 |       ||   149
       Bite              |    11 |     9 |    38 |    56 ||   114
       Dagger            |       |    89 |   399 |   214 ||   702
       War axe           |       |       |    68 |    69 ||   137
       Punch             |       |       |       |     4 ||     4
Throw: Dart              |       |     5 |     8 |    49 ||    62
       Boomerang         |       |       |       |     6 ||     6
 Cast: Mephitic Cloud    |       |       |       |     4 ||     4
       Conjure Flame     |       |       |       |     2 ||     2
Invok: Depart the Abyss  |     1 |       |       |       ||     1
       Bend Space        |       |       |       |     3 ||     3
  Use: Potion            |       |       |     3 |     2 ||     5
       Scroll            |       |       |     4 |     1 ||     5
 Stab: Sleeping          |     1 |       |       |       ||     1
       Confused          |       |       |       |     4 ||     4
  Eat: Chunk             |     3 |     4 |    12 |     9 ||    28
Armor: Leather armour    |     9 |       |       |       ||     9
       Chain mail        |    50 |    41 |   188 |    61 ||   340
       Skin              |       |       |    68 |       ||    68
       Plate armour      |       |       |       |    87 ||    87
       Robe              |       |       |       |     2 ||     2
Dodge: Dodged            |    43 |    19 |    94 |   105 ||   261
Block: Kite shield       |     1 |    26 |   236 |    70 ||   333
       Rpst.: Falchion   |    13 |       |     1 |       ||    14

Table legend:
 A = Non-vault XP
 B = Vault XP
 C = Vault XP percentage of total XP
 D = Non-vault monster count
 E = Vault monster count
 F = Vault count percentage of total count
                 A         B        C        D         E       F
            +---------+---------+-------+---------+---------+-------
      Total |    8187 |    1379 |  14.4 |     201 |      34 |  14.5
            +---------+---------+-------+---------+---------+-------
        D:1 |      36 |       0 |   0.0 |      19 |       0 |   0.0
        D:2 |      69 |       2 |   2.8 |      23 |       1 |   4.2
        D:3 |      30 |     401 |  93.0 |      17 |       8 |  32.0
        D:4 |     637 |      25 |   3.8 |      25 |       6 |  19.4
        D:5 |     793 |      42 |   5.0 |      19 |       1 |   5.0
        D:6 |    1699 |       0 |   0.0 |      39 |       0 |   0.0
        D:7 |    1629 |     673 |  29.2 |      26 |       1 |   3.7
        D:8 |    2168 |       9 |   0.4 |      18 |       3 |  14.3
        D:9 |    1126 |     227 |  16.8 |      15 |      14 |  48.3
            +---------+---------+-------+---------+---------+-------
